 Dungeon Crawl Stone Soup version 0.21-a0-142-gdd972a7 (webtiles) character file.

7439 kuniqs the Thaumaturge (level 10, -5/50 HPs)
             Began as a Deep Elf Ice Elementalist on July 22, 2017.
             Was a High Priest of Kikubaaqudgha.
             Slain by a shadow (15 damage)
             ... on level 11 of the Dungeon.
             The game lasted 00:32:32 (13299 turns).

kuniqs the Thaumaturge (Deep Elf Ice Elementalist) Turns: 13299, Time: 00:32:33

Health: -5/50      AC:  4    Str:  5    XL:     10   Next: 93%
Magic:  7/26       EV: 15    Int: 31    God:    Kikubaaqudgha [*****.]
Gold:   402        SH:  0    Dex: 15    Spells: 1/30 levels left

rFire    . . .     SeeInvis .   s - +4 quarterstaff
rCold    . . .     Gourm    .   (shield currently unavailable)
rNeg     . . .     Faith    .   T - +0 robe {MR+}
rPois    .         Spirit   .   W - +0 hat {Int+3}
rElec    .         Reflect  .   R - +0 cloak
rCorr    .         Harm     .   w - +0 pair of gloves
MR       ++...                  (no boots)
Stlth    ++++......             (no amulet)
HPRegen  0.16/turn              o - +4 ring of intelligence
MPRegen  0.20/turn              t - +2 ring of evasion

@: no status effects
A: no striking features
a: Receive Corpses, Torment, Renounce Religion


You were on level 11 of the Dungeon.
You worshipped Kikubaaqudgha.
Kikubaaqudgha was extremely pleased with you.
You were not hungry.

You visited 2 branches of the dungeon, and saw 12 of its levels.

You collected 648 gold pieces.
You spent 246 gold pieces at shops.

Inventory:

Hand Weapons
 s - a +4 quarterstaff (weapon)
 P - the cursed +0 flail of the Evil Eye {freeze, *Noise rPois rF++ Dex+3}
   (You bought it in a shop on level 8 of the Dungeon)

   It has been specially enchanted to freeze those struck by it, causing extra
   injury to most foes and up to half again as much damage against particularly
   susceptible opponents.
   It can also slow down cold-blooded creatures.
   It affects your dexterity (+3).
   It greatly protects you from fire.
   It protects you from poison.
   It may make noises in combat.
   It has a curse placed upon it.
Armour
 w - a +0 pair of gloves (worn)
 R - a +0 cloak (worn)
 T - a +0 robe of magic resistance (worn)
 W - a +0 hat of intelligence (worn)
Jewellery
 o - a +4 ring of intelligence (left hand)
 t - a +2 ring of evasion (right hand)
 M - an uncursed ring of resist corrosion
Wands
 x - a wand of digging (9/24)
 y - a wand of acid (5/15)
 I - a wand of confusion (41/48)
 N - a wand of disintegration (9/24)
Scrolls
 g - a scroll of fog
 h - a scroll of fear
 i - 2 scrolls of noise {unknown}
 j - a scroll of recharging {unknown}
 k - a scroll of random uselessness {unknown}
 l - 2 scrolls of immolation {unknown}
 n - a scroll of magic mapping {unknown}
 r - a scroll of blinking {unknown}
 B - 2 scrolls of amnesia
 C - 6 scrolls of identify {@r1}
 E - a scroll of enchant armour {unknown}
 G - 2 scrolls of remove curse {@r2}
 H - a scroll of enchant weapon {unknown}
 K - 3 scrolls of teleportation {unknown}
 S - a scroll of summoning {unknown}
Potions
 c - 2 potions of flight {unknown}
 m - a potion of invisibility {unknown}
 p - a potion of curing {@q1}
 q - a potion of mutation {unknown}
 u - 6 potions of heal wounds {unknown}
 v - a potion of resistance {unknown}
 z - a potion of brilliance {unknown}
 A - a potion of lignification {unknown}
 D - 4 potions of magic {unknown}
 F - 2 potions of agility {unknown}
 O - a potion of haste
 V - 2 potions of might {unknown}
Books
 b - a book of Frost

   Spells                             Type                      Level
   a - Freeze                         Ice                          1
   b - Throw Frost                    Conjuration/Ice              2
   c - Ozocubu's Armour               Charms/Ice                   3
   d - Throw Icicle                   Conjuration/Ice              4
   e - Summon Ice Beast               Ice/Summoning                4
 J - Kikubaaqudgha's Handbook of Evil
   (Kikubaaqudgha gifted it to you on level 7 of the Dungeon)

   Spells                             Type                      Level
   a - Pain                           Necromancy                   1
   b - Corpse Rot                     Necromancy                   2
   c - Sublimation of Blood           Necromancy                   2
   d - Regeneration                   Charms/Necromancy            3
   e - Control Undead                 Necromancy                   4
 Q - Kikubaaqudgha's Guide on Sinister Arts
   (Kikubaaqudgha gifted it to you on level 9 of the Dungeon)

   Spells                             Type                      Level
   a - Animate Dead                   Necromancy                   4
   b - Agony                          Necromancy                   5
   c - Cigotuvi's Embrace             Necromancy                   5
   d - Dispel Undead                  Necromancy                   5
   e - Simulacrum                     Ice/Necromancy               6
 U - a book of Necromancy

   Spells                             Type                      Level
   a - Pain                           Necromancy                   1
   b - Animate Skeleton               Necromancy                   1
   c - Vampiric Draining              Necromancy                   3
   d - Regeneration                   Charms/Necromancy            3
   e - Animate Dead                   Necromancy                   4
   f - Control Undead                 Necromancy                   4
Comestibles
 d - 6 bread rations
 e - 5 meat rations
 f - 8 fruits
 L - 6 royal jellies


   Skills:
 - Level 2.4 Dodging
 - Level 8.2 Stealth
 + Level 10.9 Spellcasting
 - Level 1.1 Conjurations
 - Level 8.0 Charms
 - Level 8.0 Summonings
 + Level 5.2 Necromancy
 - Level 8.0 Ice Magic
 - Level 6.0 Evocations


You had one spell level left.
You knew the following spells:

 Your Spells              Type           Power        Failure   Level  Hunger
a - Freeze                Ice            ####         1%          1    None
b - Throw Frost           Conj/Ice       #####.       1%          2    None
c - Ozocubu's Armour      Chrm/Ice       ######..     1%          3    None
d - Summon Ice Beast      Ice/Summ       ######..     1%          4    None
e - Agony                 Necr           #####...     10%         5    ##.....
f - Animate Dead          Necr           N/A          3%          4    None
g - Simulacrum            Ice/Necr       ######....   28%         6    #####..
h - Throw Icicle          Conj/Ice       #####...     4%          4    None


Dungeon Overview and Level Annotations

Branches:
Dungeon (11/15)            Temple (1/1) D:5             Orc (0/2) D:11
   Lair: D:8-11

Altars:
Ashenzari
Cheibriados
Dithmenos
Elyvilon
Fedhas
Gozag
Hepliaklqana
Kikubaaqudgha
Makhleb
Nemelex Xobeh
Okawaru
Qazlal
Ru
Sif Muna
Trog
Uskayaw
Vehumet
Wu Jian
Xom
Yredelemnul
Zin
The Shining One

Shops:
D:8 (

Annotations:
D:3 1 runed door, Ijyb
D:4 Edmund


Message History

Your ice beast barely misses something.
You can't see any susceptible monsters within range! (Use Z to cast anyway.)
You feel better.
The shadow strikes at you from the darkness!
* * * LOW HITPOINT WARNING * * *
Reactivating autopickup.
Your ice beast hits the shadow but does no damage.
Aim: a shadow (moderately damaged)
The shard of ice misses the shadow.
Your ice beast hits the shadow but does no damage.
The shadow slips into darkness.
The shadow flickers and vanishes!
Deactivating autopickup; reactivate with Ctrl-A.
Your ice beast closely misses something.
Your ice beast barely misses something.
Things that are here:
a dagger; a leather armour The shadow strikes at you from the darkness!
You die...
Kikubaaqudgha rasps: "You have failed me!
Welcome... death!"

# #.# #......# #..∩ # #.#
#......# #... # ... ###'####
###. .#.!. ###)# #. ...P..#
#...# ## .. ....## ###.#####
# .P. .P....# #.......# # P.
.......P #.......#### ###
.PP.P.# #@...)>....#####..
.......####)......##..)).'..
.......#YY........########..
.P.P...†.##.......# #..
.....P...#######.## #..
....P.†P.# #.# #:.
.........# #.# ###
.....P..## ..# . ........#
### #.


There were no monsters in sight!

Vanquished Creatures
  A manticore (D:11)
  A wraith (D:11)
  2 yaks (D:10)
  3 orc warriors
  2 black bears
  3 sky beasts
  2 ogres
  3 centaurs
  2 big kobolds
  5 bullfrogs
  2 scorpions
  12 killer bees
  4 wights
  2 vampire bats (D:5)
  3 howler monkeys
  4 crimson imps
  A centaur zombie (D:6)
  4 hounds
  2 jellies
  2 centaur skeletons
  3 orc priests
  Jessica (D:3)
  An iguana (D:7)
  5 worker ants
  9 orc wizards
  Robin (D:2)
  A worker ant zombie (D:5)
  12 adders
  A howler monkey skeleton (D:7)
  An adder zombie (D:7)
  2 adder skeletons
  6 worms
  A dart slug (D:2)
  6 leopard geckos
  33 orcs
  5 bats
  2 bat skeletons (D:5)
  2 bat zombies (D:5)
  4 hobgoblins
  6 jackals
  A quokka (D:5)
  3 ball pythons
  5 frilled lizards
  14 goblins
  19 kobolds
  A leopard gecko skeleton (D:8)
  2 leopard gecko zombies
  A quokka zombie (D:5)
  A rat (D:1)
209 creatures vanquished.

Vanquished Creatures (collateral kills)
  2 ugly things
  A manticore (D:11)
  Maurice (D:9)
  A troll (D:9)
  Prince Ribbit (D:9)
  4 hippogriffs
  3 yaks
  A human (D:7)
  3 hogs (D:7)
  A swamp drake (D:11)
  2 porcupines (D:11)
  4 orc warriors
  A black bear (D:11)
  An ice beast (D:7)
  A necrophage (D:10)
  2 ogres
  2 centaurs (D:8)
  A big kobold (D:7)
  2 bullfrogs (D:11)
  A scorpion (D:11)
  A water moccasin skeleton (D:7)
  11 wights
  4 killer bees
  2 jellies
  4 orc priests
  4 orc wizards
  A gnoll shaman (D:9)
  A worker ant (D:8)
  A mummy (D:5)
  5 gnolls (D:9)
  2 adders
  A leopard gecko (D:9)
  16 orcs
  3 kobolds (D:11)
  2 quokkas
93 creatures vanquished.

Vanquished Creatures (others)
  53 fungi (D:11)
  36 plants (D:11)
89 creatures vanquished.

Grand Total: 391 creatures vanquished

Notes
Turn   | Place    | Note
-------+----------+-------------------------------------------
     0 | D:1      | kuniqs the Deep Elf Ice Elementalist began the quest for the Orb.
     0 | D:1      | Reached XP level 1. HP: 10/10 MP: 6/6
   443 | D:1      | Reached XP level 2. HP: 15/15 MP: 4/8
   504 | D:1      | Learned a level 2 spell: Throw Frost
  1158 | D:2      | Reached XP level 3. HP: 19/19 MP: 3/10
  1163 | D:2      | Learned a level 3 spell: Ozocubu's Armour
  1620 | D:2      | Found a faded altar of an unknown god.
  1941 | D:3      | Noticed Robin
  2099 | D:2      | Killed Robin
  2099 | D:2      | Reached XP level 4. HP: 16/24 MP: 0/11
  2287 | D:3      | Reached skill level 4 in Spellcasting
  2450 | D:3      | Found a runed door.
  2504 | D:3      | Noticed Jessica
  2511 | D:3      | Killed Jessica
  2698 | D:3      | Noticed Ijyb
  3096 | D:4      | Reached skill level 5 in Stealth
  3102 | D:4      | Reached XP level 5. HP: 17/28 MP: 5/13
  3241 | D:4      | Reached skill level 5 in Spellcasting
  3428 | D:4      | Reached XP level 6. HP: 29/32 MP: 10/16
  3680 | D:4      | Noticed Edmund
  3687 | D:4      | Learned a level 4 spell: Summon Ice Beast
  3700 | D:5      | Entered Level 5 of the Dungeon
  3953 | D:5      | Reached skill level 5 in Ice Magic
  4091 | D:5      | Reached skill level 1 in Summonings
  4192 | D:5      | Reached XP level 7. HP: 10/36 MP: 7/17
  4403 | D:5      | Reached skill level 6 in Spellcasting
  4482 | D:5      | Found a staircase to the Ecumenical Temple.
  4526 | Temple   | Entered the Ecumenical Temple
  4722 | D:5      | Found a hazy altar of Hepliaklqana.
  4943 | D:5      | Found a snail-covered altar of Cheibriados.
  5013 | D:5      | Found a basalt altar of Yredelemnul.
  5167 | D:5      | Found a glowing golden altar of the Shining One.
  5453 | D:5      | Found an ancient bone altar of Kikubaaqudgha.
  5468 | D:5      | Became a worshipper of Kikubaaqudgha
  5637 | D:5      | Noticed an angel
  5807 | D:6      | Reached skill level 1 in Charms
  5918 | D:6      | Reached XP level 8. HP: 37/41 MP: 9/20
  6077 | D:6      | Found a shimmering altar of Xom.
  6347 | D:6      | Reached skill level 7 in Spellcasting
  6483 | D:7      | Reached skill level 1 in Evocations
  6587 | D:7      | Noticed a hippogriff
  6608 | D:7      | Killed a hippogriff
  6608 | D:7      | Reached * piety under Kikubaaqudgha
  6608 | D:7      | Identified Kikubaaqudgha's Handbook of Evil (Kikubaaqudgha gifted it to you on level 7 of the Dungeon)
  6608 | D:7      | Received a gift from Kikubaaqudgha
  7336 | D:7      | Reached skill level 8 in Spellcasting
  7336 | D:7      | Reached XP level 9. HP: 45/45 MP: 13/23
  7888 | D:7      | Reached skill level 5 in Summonings
  8084 | D:7      | Reached skill level 5 in Charms
  8651 | D:8      | Reached ** piety under Kikubaaqudgha
  9162 | D:8      | Reached skill level 9 in Spellcasting
  9584 | D:8      | Found Payfuju's Antique Weapon Shop.
  9600 | D:8      | Bought a pitted flail for 246 gold pieces
  9600 | D:8      | Identified the cursed +0 flail of the Evil Eye {freeze, *Noise rPois rF++ Dex+3} (You bought it in a shop on level 8 of the Dungeon)
 10038 | D:9      | Noticed a troll
 10046 | D:9      | Killed a troll
 10216 | D:9      | Noticed Maurice
 10239 | D:9      | Killed Maurice
 10240 | D:9      | Reached *** piety under Kikubaaqudgha
 10240 | D:9      | Identified Kikubaaqudgha's Guide on Sinister Arts (Kikubaaqudgha gifted it to you on level 9 of the Dungeon)
 10240 | D:9      | Received a gift from Kikubaaqudgha
 10257 | D:9      | Learned a level 5 spell: Agony
 10316 | D:9      | Reached XP level 10. HP: 35/50 MP: 20/25
 10424 | D:9      | Noticed Prince Ribbit
 10430 | D:9      | Killed Prince Ribbit
 10430 | D:9      | Reached skill level 5 in Evocations
 10542 | D:9      | Reached skill level 1 in Necromancy
 10644 | D:10     | Entered Level 10 of the Dungeon
 10838 | D:10     | Learned a level 4 spell: Animate Dead
 10845 | D:10     | Learned a level 6 spell: Simulacrum
 10990 | D:10     | Noticed a white ugly thing
 11492 | D:10     | Killed a white ugly thing
 11842 | D:11     | Reached **** piety under Kikubaaqudgha
 11886 | D:11     | Noticed a manticore
 11918 | D:11     | Killed a manticore
 11918 | D:11     | Reached skill level 10 in Spellcasting
 12017 | D:11     | Found a staircase to the Orcish Mines.
 12446 | D:11     | Noticed a red ugly thing
 12453 | D:11     | Killed a red ugly thing
 12509 | D:11     | Reached ***** piety under Kikubaaqudgha
 12513 | D:11     | Noticed a manticore
 12831 | D:11     | Killed a manticore
 12880 | D:11     | Reached skill level 5 in Necromancy
 13201 | D:11     | Learned a level 4 spell: Throw Icicle
 13299 | D:11     | Slain by a shadow

Vault maps used:
D:1:      dpeg_arrival_pond, glass_columns_b
D:2:      chequers_ecumenical_altar_simple_redux, first_bread
D:3:      uniq_jessica, uniq_crazy_yiuf_cottage, uniq_robin, uniq_ijyb
D:4:      uniq_edmund
D:5:      grunt_temple_overflow_holy_war, slow_altar_2,
          kennysheep_vampire_church, old_standard_altar,
          minmay_temple_entry_hall, st_stairs_13
D:6:      marbit_many_paths
D:7:      grunt_livestock
D:8:      serial_shops, shop
D:9:      uniq_maurice, uniq_prince_ribbit1
D:11:     due_lair_maze_entry_diamond, erik_orc_1, lab_entry_generic
Temple:   eino_temple_rhombus

Skill      XL: |  1  2  3  4  5  6  7  8  9 10 |
---------------+-------------------------------+-----
Stealth        | 3 4 5 6 7 8 |  8.2
Spellcasting   | 4 5 6 8 9 10 | 10.9
Ice Magic      | 4 5 6 8 |  8.0
Summonings     | 1 3 4 6 8 |  8.0
Charms         | 1 4 7 8 |  8.0
Evocations     | 2 4 6 |  6.0
Necromancy     | 5 |  5.2
Dodging        | |  2.4
Conjurations   | |  1.1

Action                   |  1- 3 |  4- 6 |  7- 9 | 10-12 || total
-------------------------+-------+-------+-------+-------++-------
Melee: Quarterstaff      |       |    39 |   102 |    24 ||   165
 Cast: Freeze            |    53 |    61 |   175 |    97 ||   386
       Throw Frost       |    26 |     8 |    44 |     6 ||    84
       Ozocubu's Armour  |     1 |     6 |    35 |     8 ||    50
       Summon Ice Beast  |       |       |    37 |    70 ||   107
       Throw Icicle      |       |       |       |     2 ||     2
Evoke: Wand              |       |       |       |     2 ||     2
  Use: Scroll            |       |     4 |     3 |     5 ||    12
       Potion            |       |       |       |     1 ||     1
 Stab: Sleeping          |       |     1 |     2 |     1 ||     4
       Distracted        |       |       |     1 |     1 ||     2
  Eat: Chunk             |     4 |     7 |    18 |    10 ||    39
       Fruit             |       |       |     3 |       ||     3
Armor: Robe              |     7 |     8 |   106 |    26 ||   147
Dodge: Dodged            |    25 |    62 |   239 |   118 ||   444
